AoeStats
← 陟遐自迩

MegaRandom

506825487Analyzed
4v4 RM · 17d ago on Sep 15, 2026· 44m 42s· 8 players
Game mode
Random Map
Map size
Large (8 player)
Population
200
Speed
Normal
Resources
Standard
Victory
Conquest
Starting age
Dark Age
Ending age
Imperial Age
RankedLock teamsTeams togetherTeam positionsShared explorationLock speedFull tech treeHidden civsTurbo modeCheats
Victory
Defeat
🇫🇷 Italians · France
1167
+13
🇨🇭 Ethiopians · Switzerland
1097
+15
🇨🇳 Khitans · China
1008
+19
🇨🇳 Armenians · China
994
+19
🇩🇪 Muisca · Germany
1100
-17
🇷🇺 Burgundians · Russia
1089
-17
🇺🇸 Shu · United States
1074
-16
🇧🇷 Khmer · Brazil
1066
-16
ShardMuggleFirst
6:24 Loom
9:52 Feudal Age
10:41 Double-Bit Axe
12:49 Fletching
15:34 Padded Archer Armor
22:08 Wheelbarrow
21:46 Gold Mining
24:51 Castle Age
24:52 Crossbowman
25:32 Bodkin Arrow
25:54 Leather Archer Armor
26:06 Bow Saw
28:38 Horse Collar
30:51 Heavy Plow
36:24 Thumb Ring
39:17 Hand Cart
39:04 Pikeman
taiwan180
11:23 Feudal Age
10:31 Loom
14:22 Castle Age
12:50 Double-Bit Axe
16:01 Bow Saw
18:19 Horse Collar
19:29 Stone Mining
22:15 Scale Barding Armor
23:52 Forging
24:26 Husbandry
25:13 Chain Barding Armor
26:55 Wheelbarrow
28:12 Iron Casting
32:49 Imperial Age
31:16 Hand Cart
30:46 Town Watch
31:05 Murder Holes
30:52 Light Cavalry
31:43 Bloodlines
33:11 Gold Mining
33:11 Heavy Scorpion
34:16 Conscription
35:06 Double Crossbow
37:23 Siege Engineers
Альберт
13:15 Feudal Age
17:42 Loom
18:21 Scale Barding Armor
19:10 Forging
29:41 Double-Bit Axe
35:46 Fletching
40:07 Castle Age
陟遐自迩
0:35 Loom
13:03 Feudal Age
13:52 Horse Collar
17:17 Champi Runner
21:46 Castle Age
20:43 Forging
20:33 Scale Mail Armor
21:15 Double-Bit Axe
21:43 Stone Mining
23:47 Bow Saw
23:39 Heavy Plow
24:40 Stone Shaft Mining
24:03 Gold Mining
25:08 Wheelbarrow
25:06 Fletching
27:43 Iron Casting
27:17 Squires
32:18 Gold Shaft Mining
33:02 Chain Mail Armor
32:43 Bodkin Arrow
38:00 Imperial Age
36:47 Hand Cart
36:18 Town Watch
39:26 Plate Mail Armor
38:32 Elite Temple Guard
cucumbah
7:07 Loom
10:53 Feudal Age
13:31 Gold Mining
13:28 Double-Bit Axe
14:10 Fletching
14:21 Padded Archer Armor
22:42 Forging
27:21 Castle Age
25:53 Stone Mining
28:17 Thumb Ring
27:33 Crossbowman
30:07 Bow Saw
29:40 Horse Collar
30:14 Squires
30:02 Arson
31:25 Bodkin Arrow
39:45 Imperial Age
39:32 Iron Casting
40:11 Murder Holes
40:36 Ballistics
41:52 Wheelbarrow
41:37 Cavalier
42:17 Husbandry
Hypoli
3:29 Loom
10:05 Feudal Age
12:16 Double-Bit Axe
14:05 Fletching
14:15 Padded Archer Armor
23:24 Castle Age
21:35 Horse Collar
24:44 Thumb Ring
24:00 Crossbowman
24:37 Bodkin Arrow
24:50 Heavy Plow
26:32 Bow Saw
27:58 Wheelbarrow
27:09 Town Watch
32:22 Leather Archer Armor
33:00 Elite Skirmisher
34:26 Ballistics
37:54 Imperial Age
37:35 Gold Mining
37:39 Stone Mining
39:36 Two-Man Saw
38:48 Caravan
40:27 Chemistry
40:30 Arbalester
42:51 Bracer
43:32 Ring Archer Armor
hold up
1:27 Loom
12:58 Feudal Age
13:55 Double-Bit Axe
17:50 Horse Collar
21:50 Castle Age
19:35 Man-at-Arms
20:16 Gold Mining
20:35 Long Swordsman
21:02 Arson
21:31 Scale Mail Armor
21:30 Stone Mining
21:56 Two-Handed Swordsman
23:43 Squires
23:32 Gambesons
26:17 Wheelbarrow
27:31 Champion
30:44 Gold Shaft Mining
30:15 Heavy Plow
34:26 Forging
36:43 Bow Saw
36:47 Caravan
39:57 Imperial Age
38:15 Chain Mail Armor
38:35 Iron Casting
37:28 Pikeman
38:33 Hand Cart
38:04 Town Watch
38:26 Murder Holes
41:19 Conscription
妍芸
10:03 Feudal Age
10:38 Double-Bit Axe
10:55 Domestication
18:10 Castle Age
17:14 Forging
19:50 Bow Saw
21:18 Wheelbarrow
21:52 Husbandry
22:18 Scale Barding Armor
27:10 Hand Cart
28:54 Iron Casting
28:52 Light Cavalry
32:07 Chain Barding Armor
36:39 Imperial Age
35:07 Pastoralism
38:13 Hussar
42:07 Plate Barding Armor
Connection lost

Rejoining the realm…

Still unreachable

The connection could not be restored.

Session expired

The server has moved on; the page needs a fresh start.